 Dungeon Crawl Stone Soup version 0.31.0-11-ge490571c62 (webtiles) character file.

Game seed: 6342736521138158499

401 qw the Skirmisher (level 6, -1/36 HPs)
             Began as a Deep Elf Hunter on Feb 3, 2024.
             Slain by a goblin
             ... wielding a +0 club
             ... led by Robin
              (2 damage)
             ... on level 4 of the Dungeon.
             The game lasted 00:01:01 (2236 turns).

qw the Skirmisher (Deep Elf Hunter)                 Turns: 2236, Time: 00:01:02

Health: -1/36      AC:  7    Str: 16    XL:     6   Next: 54%
Magic:  8/8        EV: 12    Int: 14    God:
Gold:   175        SH:  0    Dex: 18    Spells: 5/5 levels left

rFire   . . .        a - +1 shortbow (heavy)
rCold   . . .        (shield currently unavailable)
rNeg    . . .        b - +0 ring mail
rPois   +            i - +1 helmet
rElec   .            (no cloak)
rCorr   .            (no gloves)
SInv    .            (no boots)
Will    .....        h - amulet of regeneration
Stlth   +            c - ring of poison resistance
HPRegen 1.06/turn    f - +6 ring of strength
MPRegen 0.11/turn

%: no passive effects
@: about to teleport
A: no striking features
a: no special abilities


You were on level 4 of the Dungeon.
You visited 1 branch of the dungeon, and saw 4 of its levels.

You collected 175 gold pieces.


   Skills:
 - Level 2.4 Fighting
 + Level 9.7 Ranged Weapons
 - Level 3.0 Dodging
 - Level 1.2 Stealth


You had 5 spell levels left.
You didn't know any spells.
Your spell library was empty.

Inventory:

Hand Weapons
 a - a +1 heavy shortbow (weapon)
Armour
 b - a +0 ring mail (worn)
 i - a +1 helmet (worn)
Jewellery
 c - a ring of poison resistance (left hand)
 f - a +6 ring of strength (right hand)
 h - an amulet of regeneration (around neck)
Scrolls
 e - a scroll of identify
Potions
 g - a potion of curing
 j - a potion of cancellation
 k - a potion of berserk rage {unknown}

Dungeon Overview and Level Annotations

Branches:
Dungeon (4/15)
 Temple: D:4-7

Altars:
Ru

Annotations:
D:4 Ijyb, Robin


Message History

Your Dodging skill increases to level 3!
You shoot an arrow. The goblin shouts!
The hobgoblin shouts!
The arrow hits Ijyb.
Ijyb is lightly wounded.
Ijyb zaps a wand.
The roots erupt in riotous growth!
The grasping roots grab you!
The goblin is unaffected.
The orc is unaffected.
The hobgoblin is unaffected.
Ijyb is unaffected.
The grasping roots constrict you. Robin throws the goblin at you!
The goblin barely misses you. The hobgoblin barely misses you.
An orc comes into view. It is wielding a +0 whip.
The orc closely misses you. The goblin closely misses you.
The hobgoblin barely misses you. Ijyb closely misses you.
The grasping roots constrict you.
You hear a shout!
You shoot an arrow. The arrow hits Ijyb.
Ijyb is moderately wounded.
The goblin hits you with a +0 dagger. The orc hits you with a +0 short sword.
An orc comes into view. It is wielding a +0 club.
The hobgoblin closely misses you. The goblin hits you with a +0 club.
Ijyb screams, "I dance on your bones!" Ijyb hits you with a +0 club.
The grasping roots constrict you.
The grasping roots release their grip on you.
You shoot an arrow. The arrow hits Ijyb!
Ijyb is almost dead.
The goblin hits you but does no damage. The orc hits you with a +0 short sword.
Ijyb misses you. The goblin hits you but does no damage.
The hobgoblin hits you but does no damage.
The orc hits you but does no damage. Ijyb hits you with a +0 club!
The hobgoblin completely misses you. The goblin barely misses you.
The hobgoblin misses you.
2236 ||| READING scroll of teleportation.
As you read the scroll of teleportation, it crumbles to dust.
You feel strangely unstable. Ijyb hits you but does no damage.
The goblin misses you. The hobgoblin barely misses you.
The orc hits you with a +0 short sword. The goblin hits you but does no damage.
The goblin closely misses you. The hobgoblin misses you.
The goblin hits you with a +0 club.
You die...

#.##'###.# #.#......#
#.#......# #.#......#
#.#......## .
###+#.......#
...###...........#
...)ogggg.......(#
...oggg@g...###.......
......ogg#### .......#
########.# #.......#
#.# #.......# #.#
#......... #.#
#......... #.# .......
#.#


You could see Ijyb (strong), Robin, 3 orcs, 3 hobgoblins and 5 goblins.

Vanquished Creatures
  Sigmund (D:3)
  A phantom (D:3)
  2 orc priests
  An orc wizard (D:3)
  An adder (D:2)
  A ribbon worm (D:2)
  2 dart slugs
  9 orcs (D:3)
  3 bats
  4 endoplasms
  A giant cockroach (D:2)
  7 goblins
  3 hobgoblins
  3 jackals (D:3)
  3 quokkas
  7 ball pythons
  4 frilled lizards
  5 kobolds
  4 rats (D:2)
62 creatures vanquished.

Notes
Turn   | Place    | Note
-------+----------+-------------------------------------------
     0 | D:1      | qw the Deep Elf Hunter began the quest for the Orb.
     0 | D:1      | Reached XP level 1. HP: 12/12 MP: 3/3
     0 | D:1      | 0 ||| qw: Version: 0.3-a-155-g5e7d8dd
     0 | D:1      | 0 ||| qw: Game counter: 3323
     0 | D:1      | 0 ||| qw: Melee chars always use a shield: true
     0 | D:1      | 0 ||| qw: God list: Okawaru
     0 | D:1      | 0 ||| qw: Allow faded altars: false
     0 | D:1      | 0 ||| qw: Do Orc after clearing Dungeon:15 true
     0 | D:1      | 0 ||| qw: Do second Lair branch before Depths: true
     0 | D:1      | 0 ||| qw: Lair rune preference: random
     0 | D:1      | 0 ||| qw: Goals: Normal
     0 | D:1      | 0 ||| PLANNING D:1-11
   631 | D:1      | 631 ||| UPGRADING to +0 scale mail.
   641 | D:1      | 641 ||| DROPPING +0 leather armour.
   642 | D:1      | 642 ||| READING scroll labelled TAPTYM FUSH.
   642 | D:1      | 642 ||| ENCHANTING +0 shortbow.
   643 | D:1      | 643 ||| READING scroll labelled XOYSHA KUIBLA.
   663 | D:1      | 663 ||| READING scroll labelled JASKAPT KEKI.
   664 | D:1      | 664 ||| READING scroll labelled WEIMAE INNADOERCH.
   664 | D:1      | 664 ||| ENCHANTING +1 shortbow.
   665 | D:1      | 665 ||| READING scroll labelled NUFIDU ELIMENUGEUG.
   665 | D:1      | 665 ||| BRANDING +1 shortbow.
   666 | D:1      | 666 ||| READING scroll labelled REZE OS NOEKAS.
   671 | D:1      | 671 ||| READING scroll labelled IJEBBOELUM.
   671 | D:1      | 671 ||| IDENTIFYING viscous green potion
   672 | D:1      | 672 ||| DROPPING scroll of butterflies.
   754 | D:2      | Reached skill level 6 in Ranged Weapons
   754 | D:2      | Reached XP level 2. HP: 10/16 MP: 4/4
   910 | D:2      | Found a faded altar of an unknown god.
  1019 | D:2      | Reached XP level 3. HP: 20/20 MP: 5/5
  1140 | D:2      | Reached skill level 7 in Ranged Weapons
  1280 | D:2      | 1280 ||| UPGRADING to +0 ring mail.
  1290 | D:2      | 1290 ||| DROPPING +0 scale mail.
  1291 | D:2      | 1291 ||| UPGRADING to amulet of regeneration.
  1296 | D:2      | 1296 ||| UPGRADING to ring of poison resistance.
  1297 | D:2      | 1297 ||| UPGRADING to +6 ring of strength.
  1298 | D:2      | 1298 ||| READING 3 scrolls of identify.
  1298 | D:2      | 1298 ||| IDENTIFYING amethyst potion
  1337 | D:3      | Found a sacrificial altar of Ru.
  1537 | D:3      | Reached XP level 4. HP: 25/25 MP: 6/6
  1545 | D:3      | Reached skill level 8 in Ranged Weapons
  1926 | D:3      | Noticed Sigmund
  1929 | D:3      | 1929 ||| FLEEEEING.
  1930 | D:3      | 1930 ||| FLEEEEING.
  1931 | D:3      | 1931 ||| FLEEEEING.
  1932 | D:3      | 1932 ||| FLEEEEING.
  1936 | D:3      | 1936 ||| DRINKING 2 potions of curing.
  1936 | D:3      | 1936 ||| (to cure confusion)
  1938 | D:3      | Killed Sigmund
  1939 | D:3      | Reached skill level 9 in Ranged Weapons
  1939 | D:3      | Reached XP level 5. HP: 29/29 MP: 7/7
  1939 | D:3      | Reached XP level 6. HP: 34/34 MP: 8/8
  2103 | D:3      | 2103 ||| UPGRADING to +1 helmet.
  2108 | D:3      | 2108 ||| DROPPING ring of flight.
  2109 | D:3      | 2109 ||| READING 2 scrolls of identify.
  2109 | D:3      | 2109 ||| IDENTIFYING 2 smoky purple potions
  2110 | D:3      | 2110 ||| DROPPING 2 potions of attraction.
  2229 | D:4      | Noticed Robin
  2230 | D:4      | Noticed Ijyb
  2233 | D:4      | Reached skill level 3 in Dodging
  2235 | D:4      | HP: 4/36 [Ijyb/+0 club (7)]
  2236 | D:4      | 2236 ||| READING scroll of teleportation.
  2236 | D:4      | HP: 1/36 [orc/+0 short sword (4)]
  2236 | D:4      | Slain by a goblin

Levels and vault maps discovered:
D:1:      dpeg_arrival_castle, layout_basic, nrook_campfire
D:2:      layout_loops_cross, basic_ecumenical_altar
D:3:      layout_basic, mainiacjoe_overflow_alcove_2, uniq_sigmund
D:4:      layout_basic, minmay_temple_entry_nine_rooms, uniq_menkaure,
          uniq_ijyb, uniq_robin

Skill      XL: |  1  2  3  4  5  6 |
---------------+-------------------+-----
Ranged Weapons | 6 7 9 |  9.7
Fighting       | 2 |  2.4
Dodging        | 3 |  3.0
Stealth        | |  1.2

Action                     |  1- 3 |  4- 6 || total
---------------------------+-------+-------++-------
   Fire: Shortbow          |    78 |    42 ||   120
    Use: Scroll            |     8 |     2 ||    10
         Potion            |       |     1 ||     1
 Armour: Scale mail        |    22 |       ||    22
         Ring mail         |     9 |    31 ||    40
  Dodge: Dodged            |    20 |    29 ||    49

Table legend:
 A = Non-vault XP
 B = Vault XP
 C = Vault XP percentage of total XP
 D = Non-vault monster count
 E = Vault monster count
 F = Vault count percentage of total count
                 A         B        C        D         E       F
            +---------+---------+-------+---------+---------+-------
      Total |     346 |     227 |  39.6 |      59 |       3 |   4.8
            +---------+---------+-------+---------+---------+-------
        D:1 |      11 |       0 |   0.0 |       9 |       0 |   0.0
        D:2 |      52 |       0 |   0.0 |      23 |       0 |   0.0
        D:3 |     240 |     223 |  48.2 |      25 |       1 |   3.8
        D:4 |      43 |       4 |   8.5 |       2 |       2 |  50.0
            +---------+---------+-------+---------+---------+-------
